 Dungeon Crawl Stone Soup version 0.27-a0-978-g2aa4ecdaef (webtiles) character file.

Game seed: 16285457767878420833

21 tardwrangler69 the Chiller (level 2, 0/20 HPs)
             Began as a Draconian Ice Elementalist on Apr 14, 2021.
             Slain by a goblin
             ... wielding a +0 club
              (2 damage)
             ... on level 2 of the Dungeon.
             The game lasted 00:00:48 (1124 turns).

tardwrangler69 the Chiller (DrIE)                   Turns: 1124, Time: 00:00:48

Health: 0/20       AC:  4    Str: 10    XL:     2   Next: 62%
Magic:  4/5        EV: 12    Int: 15    God:
Gold:   40         SH:  0    Dex: 11    Spells: 4/5 levels left

rFire    . . .     SeeInvis .   d - +0 whip
rCold    . . .     Faith    .   (no shield)
rNeg     . . .     Spirit   .   (armour unavailable)
rPois    .         Reflect  .   (helmet restricted)
rElec    .         Harm     .   (no cloak)
rCorr    .         Rampage  .   (no gloves)
Will     .....                  (no boots)
Stlth    ++........             (no amulet)
HPRegen  0.06/turn              (no ring)
MPRegen  0.09/turn              (no ring)

@: very slightly contaminated
A: AC +4, unfitting armour, cold-blooded
a: no special abilities


You were on level 2 of the Dungeon.
You visited 1 branch of the dungeon, and saw 2 of its levels.

You collected 40 gold pieces.

Inventory:

Hand Weapons
 d - a +0 whip (weapon)
Scrolls
 a - a scroll of fear {unknown}
 c - 3 scrolls of identify {unknown}
 e - a scroll of fog {unknown}
 f - a scroll of enchant weapon {unknown}
Potions
 b - a potion of heal wounds {unknown}


   Skills:
 - Level 1.7 Dodging
 - Level 1.7 Stealth
 + Level 2.3 Spellcasting
 * Level 4.5 Ice Magic


You had 4 spell levels left.
You knew the following spells:

 Your Spells              Type           Power      Damage    Failure   Level
a - Freeze                Ice            60%        1d8       3%          1

Your spell library contained the following spells:

 Spells                   Type           Power      Damage    Failure   Level
 Frozen Ramparts          Ice            30%        1d5       10%         3
 Ozocubu's Armour         Ice            15%        N/A       10%         3
 Hailstorm                Conj/Ice       8%         3d4       63%         4
 Metabolic Englaciation   Hex/Ice        4%         N/A       93%         5


Dungeon Overview and Level Annotations

Branches:
Dungeon (2/15)

Altars:


Innate Abilities, Weirdness & Mutations

Your plain brown scales are hard. (AC +4)
You cannot fit into any form of body armour.
You are cold-blooded and may be slowed by cold attacks.


Message History

Search for what [? for help]? .
Unknown command.
Partly explored, can't reach some places.
Partly explored, can't reach some places.
Partly explored, can't reach some places.
(D) Dungeon
Where to? (? - help)
There is a stone staircase leading down here.
You climb downwards.
A rat and a goblin come into view.
The goblin shouts!
Found 30 arrows.
There is a stone staircase leading up here.
The rat bites you but does no damage.
You hit the rat but do no damage. The rat misses you.
An ice beast comes into view.
You hit the rat.
The rat is moderately wounded.
The rat bites you.
You barely miss the rat.
Your tail-slap misses the rat.
The rat is moderately wounded.
The rat misses you.
You hit the rat.
The rat is severely wounded.
The rat closely misses you.
You hit the rat.
You kill the rat!
The goblin hits you with a +0 club.
Casting: Freeze (safe; 3% risk of failure)
Confirm with . or Enter, or press ? or * to list all spells.
Aiming: Freeze (safe; 3% risk of failure)
Press: ? - help, Shift-Dir - straight line, f - ice beast
Aim: an ice beast You miscast Freeze.
You are very lightly contaminated with residual magic.
Nothing appears to happen.
The ice beast hits you. The ice beast freezes you!
Ouch! That really hurt!
* * * LOW HITPOINT WARNING * * *
The goblin hits you with a +0 club.
You die...

### . ##.. ≈≈
##...# ≈≈≈
#.....#######≈≈≈≈
#............≈≈≈≈
#.......Y....≈≈≈≈
#.....@g<..≈≈≈≈≈
##...#...#.≈.≈≈≈
#....(.....≈≈≈≈
#.##...##...≈.≈
#....... .≈≈≈≈≈
......... ≈≈≈≈≈
...........≈≈≈≈≈
.............≈≈≈


You could see an ice beast and a goblin.

Vanquished Creatures
  2 ball pythons (D:1)
  An endoplasm (D:1)
  A hobgoblin (D:1)
  4 jackals (D:1)
  2 kobolds (D:1)
  A quokka (D:1)
  A bat (D:1)
  4 goblins (D:1)
  3 rats
19 creatures vanquished.

Notes
Turn   | Place    | Note
-------+----------+-------------------------------------------
     0 | D:1      | tardwrangler69 the Draconian Ice Elementalist began the
                  | quest for the Orb.
     0 | D:1      | Reached XP level 1. HP: 14/14 MP: 3/3
   319 | D:1      | Reached XP level 2. HP: 15/20 MP: 5/5
   796 | D:1      | Found a faded altar of an unknown god.
  1118 | D:2      | Noticed an ice beast
  1124 | D:2      | Slain by a goblin

Illustrated notes

Levels and vault maps discovered:
D:1:      lemuel_arrival_room, layout_loops_ring,
          ebering_ecumenical_altar_ruins, serial_forest,
          infiniplex_forest_clump_tiny, infiniplex_forest_straight_2,
          infiniplex_forest_clump_small, infiniplex_forest_end_1,
          infiniplex_forest_end_3, minmay_close_crescents
D:2:      layout_rooms, serial_shops, nicolae_shop_trees,
          chequers_serial_rivers_large_a, st_stairs_11, uniq_crazy_yiuf_cottage

Action                   || total
-------------------------++-------
Melee: Whip              ||    41
       Tailslap          ||     4
       Dagger            ||     2
 Cast: Freeze            ||     8
 Stab: Sleeping          ||     2
Armor: Skin              ||    12
Dodge: Dodged            ||    30

Table legend: (Time is in decaauts)
 A = Elapsed time spent in this place.
 B = Non-inter-level travel time spent in this place.
 C = Inter-level travel time spent in this place.
 D = Time resting spent in this place.
 E = Time spent auto-exploring this place.
 F = Levels seen in this place.
 G = Mean time per level.
                   A        B        C        D        E       F      G
               +--------+--------+--------+--------+--------+-----+--------+
         Total |   1126 |   1104 |     22 |      0 |    994 |   2 |  563.0 |
       Dungeon |   1126 |   1104 |     22 |      0 |    994 |   2 |  563.0 |
               +--------+--------+--------+--------+--------+-----+--------+

Top non-repeatable levels by time:
     D:1: 1116 daAuts
     D:2: 10 daAuts
